AoeStats
← EmbodiedSmile57

Fortress

510909766Analyzed
1v1 RM · 11h ago on Oct 3, 2026· 53m 33s· 2 players
Game mode
Random Map
Map size
Small (3 player)
Population
200
Speed
Normal
Resources
Standard
Victory
Conquest
Starting age
Dark Age
Ending age
Imperial Age
RankedLock teamsTeams togetherTeam positionsShared explorationLock speedFull tech treeHidden civsTurbo modeCheats
Victory
Defeat
🇺🇸 Armenians · United States
451
+18
🇺🇸 Portuguese · United States
484
-18
EmbodiedSmile57
4:44 Loom
7:46 Feudal Age
8:08 Horse Collar
10:32 Double-Bit Axe
13:22 Gold Mining
17:09 Castle Age
14:47 Man-at-Arms
15:42 Stone Mining
15:42 Long Swordsman
17:05 Forging
18:36 Heavy Plow
21:40 Pikeman
23:52 Bow Saw
25:51 Gold Shaft Mining
30:01 Imperial Age
28:09 Husbandry
29:48 Bloodlines
29:46 Scale Mail Armor
31:38 Cavalier
34:00 Two-Handed Swordsman
36:22 Halberdier
39:14 Iron Casting
38:55 Chain Mail Armor
38:47 Scale Barding Armor
39:26 Arson
39:42 Squires
39:28 Gambesons
41:41 Wheelbarrow
44:47 Champion
45:02 Elite Composite Bowman
46:05 Conscription
45:54 Fereters
48:35 Blast Furnace
47:56 Chain Barding Armor
48:07 Plate Mail Armor
47:28 Fletching
47:39 Padded Archer Armor
sarabian032
1:01 Loom
8:31 Feudal Age
8:55 Horse Collar
9:57 Wheelbarrow
15:41 Castle Age
18:59 Bloodlines
18:49 Husbandry
20:22 Hand Cart
22:16 Town Watch
25:08 Scale Barding Armor
25:30 Town Patrol
25:43 Scale Mail Armor
26:09 Chain Barding Armor
30:00 Double-Bit Axe
33:23 Imperial Age
33:50 Man-at-Arms
35:22 Crossbowman
35:53 Arbalester
37:05 Long Swordsman
40:02 Cavalier
40:06 Two-Handed Swordsman
44:27 Conscription
43:33 Champion
Connection lost

Rejoining the realm…

Still unreachable

The connection could not be restored.

Session expired

The server has moved on; the page needs a fresh start.